Map: Acid Plant LE

Players

Serral

  • Race: Zerg Zerg
  • Spawn Location: 5:00

Stats - Winner!

  • Race: Protoss Protoss
  • Spawn Location: 11:00

Event: 2018 WCS Global Finals

VOD

https://youtu.be/h0UBfmOJYO4?t=2739

Description

Time

  • Played on: Nov. 3, 2018, 7:52 p.m.
  • Length: 11:44

All games in this series

Show
View Real Time Build Order
Export as new Build Order

Serral Zerg 

Build Orders: Hatch First, Swarm Host 

Get SALT Encoding   

  12  0:00  Drone  
  13  0:12  Overlord  
  13  0:16  Drone  
  14  0:30  Drone x2  
  16  0:47  Hatchery  
  15  0:51  Drone  
  15  0:54  Drone  
  17  0:57  Drone  
  18  1:08  Extractor  
  17  1:13  Spawning Pool  
  17  1:17  Drone  
  17  1:20  Drone  
  18  1:29  Drone  
  19  1:39  Drone  
  20  1:50  Overlord  
  20  2:00  Queen x2  
  24  2:02  Drone  
  24  2:03  Zergling x2  
  26  2:09  Metabolic Boost  
  26  2:10  Zergling x2  
  26  2:12  Drone  
  28  2:20  Drone  
  28  2:22  Drone  
  30  2:32  Drone x2  
  32  2:41  Hatchery  
  31  2:44  Overlord  
  31  2:50  Queen  
  33  2:53  Drone  
  33  2:57  Drone  
  35  3:01  Zergling x2  
  36  3:07  Drone  
  36  3:08  Overlord  
  36  3:09  Drone  
  36  3:10  Drone  
  36  3:11  Drone  
  40  3:13  Drone  
  40  3:15  Drone  
  40  3:19  Overlord  
  42  3:22  Drone  
  42  3:23  Drone  
  44  3:28  Queen  
  44  3:33  Overlord  
  46  3:34  Drone  
  46  3:41  Drone x2  
  49  3:45  Drone x3  
  52  3:51  Spore Crawler  
  52  3:52  Queen  
  53  3:56  Overlord  
  53  3:57  Spore Crawler  
  53  4:00  Drone x2  
  54  4:04  Drone x3  
  57  4:10  Zergling x4  
  57  4:13  Overlord  
  57  4:15  Drone x2, Extractor  
  57  4:16  Extractor  
  58  4:20  Lair  
  58  4:25  Drone x2  
  58  4:27  Drone  
  58  4:28  Drone  
  58  4:31  Spore Crawler  
  61  4:34  Drone x2  
  61  4:36  Drone x2  
  66  4:40  Drone x3  
  66  4:45  Roach Warren  
  68  4:52  Zergling x8  
  72  4:59  Overlord  
  71  5:00  Drone x3  
  71  5:03  Overlord  
  74  5:07  Queen  
  74  5:10  Drone x2, Overlord  
  74  5:11  Drone  
  74  5:13  Overlord  
  79  5:17  Overlord  
  79  5:21  Extractor  
  78  5:22  Evolution Chamber  
  78  5:27  Spore Crawler  
  76  5:29  Spore Crawler  
  76  5:30  Drone x6  
  76  5:31  Spore Crawler  
  76  5:34  Drone x2, Spore Crawler  
  76  5:35  Drone  
  82  5:37  Drone  
  82  5:46  Queen x2  
  82  5:47  Drone, Spore Crawler  
  86  5:50  Drone, Zerg Melee Weapons Level 1  
  86  5:51  Drone  
  86  5:54  Drone  
  86  5:55  Drone, Spore Crawler  
  86  5:56  Extractor  
  88  5:59  Drone x2  
  88  6:00  Drone x2  
  91  6:06  Hydralisk Den  
  91  6:07  Drone x4  
  92  6:11  Drone x2  
  92  6:16  Baneling Nest  
  92  6:17  Queen  
  95  6:19  Extractor  
  95  6:20  Drone  
  95  6:21  Drone x3  
  97  6:26  Overlord  
  97  6:29  Drone, Overlord  
  98  6:34  Hatchery  
  98  6:38  Muscular Augments  
  98  6:39  Overlord  
  96  6:40  Drone  
  96  6:43  Overlord  
  96  6:45  Overlord  
  96  6:48  Zergling x4  
  96  6:49  Overseer  
  96  6:59  Centrifical Hooks  
  96  7:01  Hydralisk x5  
  96  7:06  Hydralisk  
  96  7:07  Hydralisk x2  
  109  7:19  Hydralisk x6  
  121  7:26  Overlord  
  121  7:29  Hydralisk  
  121  7:30  Hydralisk x3  
  121  7:34  Baneling x5  
  129  7:37  Overlord  
  129  7:38  Drone x5  
  129  7:40  Drone  
  135  7:45  Drone x2  
  135  7:46  Infestation Pit  
  135  7:48  Zerg Melee Weapons Level 2  
  135  7:49  Grooved Spines  
  133  7:53  Drone x6  
  133  7:58  Overlord  
  138  7:59  Drone  
  138  8:00  Drone  
  138  8:03  Overlord  
  138  8:05  Drone x2  
  139  8:09  Spore Crawler  
  139  8:10  Spore Crawler  
  139  8:12  Spore Crawler, Overlord  
  136  8:17  Extractor  
  131  8:20  Extractor  
  131  8:22  Swarm Host x4  
  142  8:29  Swarm Host x4  
  142  8:33  Swarm Host  
  157  8:40  Pneumatized Carapace  
  160  8:45  Zergling x2  
  160  8:46  Zergling x2  
  160  8:47  Swarm Host  
  168  8:49  Zergling x18  
  168  8:53  Zergling x6  
  180  8:56  Overlord  
  180  8:57  Zergling x4  
  180  9:02  Zergling x8  
  180  9:07  Baneling x18  
  180  9:10  Zergling x10  
  180  9:15  Zergling x2  
  180  9:16  Zergling x6  
  189  9:18  Baneling x4  
  189  9:19  Baneling x6  
  189  9:24  Zergling x12  
  195  9:33  Baneling x4  
  195  9:37  Baneling x18  
  192  9:41  Zergling x10  
  196  9:48  Zergling x10  
  196  9:52  Zergling x4  
  199  9:54  Zergling x2  
  199  9:56  Zergling x4  
  187  10:07  Drone x3  
  187  10:08  Drone x2  
  187  10:10  Drone x2  
  187  10:12  Drone  
  187  10:13  Spine Crawler  
  193  10:14  Spine Crawler  
  193  10:20  Baneling x13  
  191  10:33  Zergling x16  
  191  10:43  Zergling x18  
  186  10:58  Hydralisk x3  
  186  10:59  Overlord, Zergling x4  
  186  11:00  Overlord x2  
  186  11:02  Overlord  
  186  11:03  Baneling x13  
  185  11:21  Hatchery  
  185  11:22  Zergling x2  
  185  11:23  Zergling x20  
  154  11:25  Zergling x2  
  154  11:26  Zergling x2  
  154  11:30  Hatchery  
Show
View Real Time Build Order
Export as new Build Order

Stats Protoss - Winner!

Build Orders: 1 Gate Expand, Oracle Opening, Phoenix Opening, Chargelot Immortal, Mass Phoenix 

Get SALT Encoding   

  12  0:00  Probe  
  13  0:12  Probe  
  14  0:20  Pylon  
  14  0:24  Probe  
  15  0:34  Probe  
  15  0:41  Gateway  
  15  0:42  Probe  
  16  0:47  Assimilator  
  17  0:52  Probe  
  18  1:04  Probe  
  19  1:16  Probe  
  20  1:23  Nexus  
  20  1:34  Cybernetics Core  
  20  1:37  Probe  
  21  1:42  Assimilator  
  21  1:49  Probe  
  21  1:53  Pylon  
  22  2:01  Probe  
  23  2:02  Adept  
  23  2:13  Probe  
  26  2:16  Stargate  
  26  2:25  Probe  
  26  2:26  Warp Gate  
  26  2:28  Adept  
  29  2:31  Probe  
  29  2:35  Probe  
  30  2:39  Probe  
  30  2:43  Probe  
  32  2:50  Probe  
  33  2:53  Phoenix  
  33  2:54  Probe  
  35  3:02  Probe  
  38  3:06  Probe  
  38  3:12  Pylon  
  39  3:14  Probe  
  39  3:15  Oracle  
  39  3:19  Probe  
  44  3:23  Assimilator  
  44  3:25  Assimilator  
  44  3:26  Probe  
  45  3:31  Probe  
  45  3:32  Gateway  
  46  3:38  Probe  
  47  3:43  Stargate, Probe  
  48  3:49  Gateway  
  48  3:52  Probe  
  48  3:55  Probe  
  50  3:58  Pylon  
  50  4:04  Probe  
  50  4:07  Probe  
  52  4:13  Phoenix  
  54  4:18  Probe  
  54  4:19  Probe  
  54  4:20  Pylon  
  54  4:22  Phoenix  
  56  4:30  Phoenix  
  58  4:41  Adept x2  
  58  4:44  Pylon  
  64  4:46  Adept  
  66  4:53  Phoenix x2  
  70  5:02  Nexus  
  70  5:04  Pylon  
  70  5:07  Pylon  
  70  5:10  Phoenix x2  
  74  5:22  Probe x2  
  76  5:31  Robotics Facility  
  76  5:32  Robotics Facility  
  76  5:36  Sentry  
  76  5:37  Sentry  
  80  5:47  Probe x2  
  82  5:53  Forge  
  82  6:00  Pylon  
  82  6:01  Probe x2  
  84  6:13  Probe x2  
  84  6:17  Twilight Council  
  84  6:18  Probe  
  87  6:20  Immortal x2, Protoss Ground Weapons Level 1  
  87  6:25  Probe x2  
  97  6:30  Probe  
  98  6:37  Probe x2  
  100  6:40  Assimilator  
  100  6:41  Pylon  
  100  6:42  Probe  
  100  6:45  Assimilator  
  101  6:53  Templar Archives  
  101  6:55  Gateway  
  101  6:57  Gateway  
  101  6:58  Probe x3  
  101  6:59  Immortal, Gateway  
  104  7:06  Immortal  
  104  7:07  Charge  
  108  7:10  Probe x2  
  108  7:11  Probe  
  115  7:24  Probe  
  115  7:29  Psionic Storm  
  116  7:32  High Templar, Zealot  
  116  7:33  High Templar  
  116  7:35  Gateway  
  116  7:36  Gateway  
  122  7:38  Pylon  
  122  7:39  Warp Prism  
  124  7:46  Observer  
  124  7:48  Pylon  
  124  7:51  Pylon  
  123  7:55  High Templar  
  123  7:58  Photon Cannon  
  125  8:01  Protoss Ground Weapons Level 2  
  118  8:09  Probe x3  
  121  8:14  Immortal  
  125  8:33  High Templar  
  127  8:35  Photon Cannon  
  127  8:36  Immortal, Photon Cannon  
  127  8:37  High Templar  
  127  8:38  Zealot x6  
  141  8:47  Pylon x2  
  141  8:48  Pylon  
  141  8:50  Pylon  
  141  9:00  Nexus  
  141  9:02  Pylon  
  141  9:07  High Templar x3, Zealot  
  141  9:08  Zealot  
  151  9:10  Zealot  
  153  9:36  Zealot x3  
  153  9:37  Zealot x2  
  159  9:46  High Templar x2  
  159  9:47  Zealot  
  159  9:50  Archon  
  165  9:55  Photon Cannon  
  165  9:57  Photon Cannon  
  165  9:59  Assimilator  
  165  10:02  Immortal x2  
  165  10:03  Assimilator  
  165  10:05  High Templar x3  
  165  10:06  High Templar, Zealot  
  155  10:07  Zealot  
  155  10:09  Archon  
  155  10:10  Archon  
  163  10:36  High Templar  
  163  10:37  High Templar, Zealot x2  
  163  10:38  Zealot x4  
  163  10:40  Archon  
  173  10:47  Probe x4  
  152  10:50  Photon Cannon  
  144  11:02  Probe x4  
  146  11:08  High Templar x4  
  146  11:09  Zealot x4  
  162  11:12  Archon x2  
  135  11:27  Archon  
  135  11:31  Zealot x4  
  127  11:41  Archon  
  127  11:42  Archon  
Tags
 
Add a new tag
Caveats
  • Supply blocks, unpowered buildings, or Contaminate may cause inaccurate times.
  • Supply counts are checked every 10 seconds.